 Dungeon Crawl Stone Soup version 0.22-a0-447-gee5f723 (webtiles) character file.

457 iamserjio the Ruffian (level 6, -10/61 HPs)
             Began as a Troll Gladiator on June 3, 2018.
             Killed from afar by Dowan (24 damage)
             ... with a shard of ice
             ... on level 4 of the Dungeon.
             The game lasted 00:05:33 (2865 turns).

iamserjio the Ruffian (Troll Gladiator)             Turns: 2865, Time: 00:05:34

Health: -10/61     AC:  5    Str: 23    XL:     6   Next: 77%
Magic:  5/5        EV: 11    Int:  4    God:
Gold:   88         SH:  0    Dex: 13    Spells: 5/5 levels left

rFire    . . .     SeeInvis .     - Unarmed
rCold    . . .     Gourm    +   (no shield)
rNeg     . . .     Faith    .   a - +0 robe
rPois    .         Spirit   .   b - +0 hat
rElec    .         Reflect  .   (no cloak)
rCorr    .         Harm     .   (gloves unavailable)
MR       .....                  (boots unavailable)
Stlth    +.........             (no amulet)
HPRegen  0.60/turn              (no ring)
MPRegen  0.09/turn              (no ring)

@: no status effects
A: large, unfitting armour, claws 3, fast metabolism 3, gourmand, regeneration
1, shaggy fur 1, tough skin 2
a: no special abilities


You were on level 4 of the Dungeon.
You were very full.

You visited 1 branch of the dungeon, and saw 4 of its levels.

You collected 88 gold pieces.

Inventory:

Missiles
 c - 3 throwing nets (quivered)
 h - 98 stones
 t - 14 poisoned needles
Armour
 a - a +0 robe (worn)
 b - a +0 hat (worn)
Jewellery
 s - an uncursed ring of wizardry {unknown}
Scrolls
 k - 2 scrolls of teleportation {unknown}
 l - 2 scrolls of noise {unknown}
 m - a scroll of remove curse {unknown}
 o - a scroll of amnesia {unknown}
 p - a scroll of random uselessness {unknown}
 r - a scroll of magic mapping {unknown}
 u - 2 scrolls of identify {unknown}
Potions
 e - a potion of invisibility {unknown}
 f - a potion of degeneration {unknown}
 g - a potion of magic {unknown}
 i - 2 potions of haste
 j - 2 potions of heal wounds {unknown}
 n - a potion of might {unknown}
 q - a potion of agility {unknown}
Comestibles
 d - 5 rations


   Skills:
 + Level 3.5 Fighting
 - Level 1.7 Throwing
 - Level 3.0 Dodging
 * Level 6.3 Unarmed Combat


You had 5 spell levels left.
You didn't know any spells.
Your spell library was empty.

Dungeon Overview and Level Annotations

Branches:
Dungeon (4/15)
 Temple: D:4-7

Altars:

Annotations:
D:4 Dowan


Innate Abilities, Weirdness & Mutations

You are too large for most types of armour.
You have claws for hands.
Your metabolism is lightning-fast.
You like to eat raw meat.
Your natural rate of healing is unusually fast.
You are covered in fur. (AC +1)
You have very tough skin. (AC +2)


Message History

Dowan's eyes darken. "You have made a black mistake."
Dowan seems to find hidden reserves of power!
Your Unarmed Combat skill increases to level 6!
Dowan hits you with a dagger.
You barely miss Dowan. Dowan hits you with a dagger.
You closely miss Dowan. Dowan casts a spell at you. The stone arrow hits you!
* * * LOW HITPOINT WARNING * * *
Dowan shakes with grief.
Dowan hits you but does no damage.
You claw Dowan!
Dowan is severely wounded.
Dowan hits you with a dagger.
* * * LOW HITPOINT WARNING * * *
You scratch Dowan.
Dowan is severely wounded.
Dowan gestures at you while chanting. The shard of ice hits you!
You die...

#### ..#
#######.#
#...e@).#
#.#####.#
#.# ..#
##.# #.#
..# ###


You could see Dowan.

Vanquished Creatures
  Duvessa (D:4)
  A water moccasin skeleton (D:2)
  An orc priest (D:4)
  An orc wizard (D:4)
  Natasha (thrice) (D:2)
  A howler monkey zombie (D:3)
  4 adders (D:2)
  3 gnolls (D:3)
  An ooze (D:3)
  3 worms
  2 dart slugs (D:1)
  5 leopard geckos
  6 orcs
  2 giant cockroaches
  5 goblins
  11 hobgoblins
  3 jackals (D:2)
  6 kobolds
  A quokka (D:3)
  A ball python (D:3)
  3 bats (D:1)
  10 frilled lizards
  8 rats
82 creatures vanquished.

Notes
Turn   | Place    | Note
-------+----------+-------------------------------------------
     0 | D:1      | iamserjio the Troll Gladiator began the quest for the Orb.
     0 | D:1      | Reached XP level 1. HP: 19/19 MP: 0/0
   164 | D:1      | Reached XP level 2. HP: 28/28 MP: 1/1
   478 | D:1      | Reached XP level 3. HP: 28/35 MP: 2/2
  1010 | D:2      | Reached skill level 4 in Unarmed Combat
  1117 | D:2      | Reached XP level 4. HP: 42/42 MP: 3/3
  1215 | D:2      | Noticed Natasha
  1218 | D:2      | Killed Natasha
  1423 | D:2      | Noticed Natasha
  1428 | D:2      | Killed Natasha
  1428 | D:2      | Reached XP level 5. HP: 50/50 MP: 4/4
  1474 | D:2      | Reached skill level 5 in Unarmed Combat
  1577 | D:2      | Noticed Natasha
  1580 | D:2      | Killed Natasha
  1961 | D:3      | Reached XP level 6. HP: 61/61 MP: 5/5
  2837 | D:4      | Noticed Duvessa
  2848 | D:4      | Noticed Dowan
  2861 | D:4      | Killed Duvessa
  2861 | D:4      | Reached skill level 6 in Unarmed Combat
  2865 | D:4      | Killed from afar by Dowan

Vault maps used:
D:1:      minmay_arrival_up_and_down
D:2:      uniq_natasha
D:3:      serial_aquarium, aquarium_bridge_square, aquarium_window_fake,
          aquarium_window_1, aquarium_window_fake, aquarium_window_fake,
          aquarium_view_2c, aquarium_view_2b
D:4:      first_ration, uniq_duvessa

Skill      XL: |  1  2  3  4  5  6 |
---------------+-------------------+-----
Fighting       | 2 3 |  3.5
Unarmed Combat | 4 5 6 |  6.3
Dodging        | 3 |  3.0
Throwing       | |  1.7

Action                   |  1- 3 |  4- 6 || total
-------------------------+-------+-------++-------
Melee: Unarmed           |   122 |   118 ||   240
       Punch             |     2 |     2 ||     4
 Stab: Sleeping          |       |     1 ||     1
  Eat: Chunk             |    13 |    18 ||    31
Armor: Robe              |    27 |    19 ||    46
Dodge: Dodged            |    52 |    54 ||   106

Table legend:
 A = Spawn XP
 B = Non-spawn XP
 C = Spawn XP percentage of total XP
 D = Spawn monster count
 E = Non-spawn monster count
 F = Spawn count percentage of total count
 G = Total turns spent on level
                    A         B        C        D         E        F      G
               +---------+---------+-------+---------+---------+-------+---------
         Total |       0 |     653 |   0.0 |       0 |      82 |   0.0 |  2865
               +---------+---------+-------+---------+---------+-------+---------
           D:1 |       0 |      45 |   0.0 |       0 |      26 |   0.0 |   787
           D:2 |       0 |     271 |   0.0 |       0 |      29 |   0.0 |   929
           D:3 |       0 |     101 |   0.0 |       0 |      22 |   0.0 |  1100
           D:4 |       0 |     236 |   0.0 |       0 |       5 |   0.0 |    49
               +---------+---------+-------+---------+---------+-------+---------
